 Dungeon Crawl Stone Soup version 0.31.0-32-g396128a36d (webtiles) character file.

Game seed: 1047815354140397938

7 ChadusMaximus the Caller (level 2, 19/19 HPs)
             Began as a Barachi Summoner on Mar 9, 2024.
             Got out of the dungeon alive.
             The game lasted 00:00:24 (295 turns).

ChadusMaximus the Caller (Barachi Summoner)          Turns: 295, Time: 00:00:24

Health: 19/19      AC:  2    Str:  9    XL:     2   Next: 0%
Magic:  2/5        EV: 12    Int: 15    God:
Gold:   23         SH:  0    Dex: 12    Spells: 4/5 levels left

rFire   . . .        (no weapon)
rCold   . . .        (no shield)
rNeg    . . .        a - +0 robe
rPois   .            (no helmet)
rElec   .            (no cloak)
rCorr   .            (no gloves)
SInv    .            (no boots)
Will    .....        (no amulet)
Stlth   ++           (no ring)
HPRegen 0.23/turn    (no ring)
MPRegen 0.09/turn

%: no passive effects
@: slow
A: amphibious, slowness 1, strong legs 1, +LOS
a: Hop


You escaped.
You visited 1 branch of the dungeon, and saw 1 of its levels.

You collected 23 gold pieces.

Inventory:

Armour
 a - a +0 robe (worn)
Scrolls
 c - a scroll of teleportation {unknown}
 d - a scroll of fear {unknown}
Potions
 b - a potion of magic


   Skills:
 + Level 2.3 Dodging
 + Level 2.0 Stealth
 + Level 2.3 Spellcasting
 + Level 4.9 Summonings


You had 4 spell levels left.
You knew the following spells:

 Your Spells              Type           Power      Damage    Failure   Level
a - Summon Small Mammal   Summ           64%        N/A       2%          1

Your spell library contained the following spells:

 Spells                   Type           Power      Damage    Failure   Level
 Call Imp                 Summ           32%        N/A       4%          2
 Call Canine Familiar     Summ           16%        N/A       9%          3
 Summon Blazeheart Golem  Fire/Summ      9%         N/A       61%         4
 Summon Lightning Spire   Summ/Air       9%         N/A       61%         4


Dungeon Overview and Level Annotations

Branches:
Dungeon (1/15)

Altars:


Innate Abilities, Weirdness & Mutations

You are amphibious.
You cover ground slowly.
You can hop short distances.
You have an extended range of vision and can be seen from far away.


Message History

The ball python dies!
Your Stealth skill increases to level 2!
Unknown command.
Your quokka disappears in a puff of smoke!
Your bat disappears in a puff of smoke!
A rat comes into view.
The rat squeaks loudly.
A rat is nearby!
You hit the rat but do no damage. The rat barely misses you.
A rat is nearby!
You closely miss the rat. The rat bites you.
A rat is nearby!
You barely miss the rat. The rat barely misses you.
Casting: Summon Small Mammal (safe; 2% risk of failure)
Confirm with . or Enter, or press ? or * to list all spells.
You miscast Summon Small Mammal.
You are very lightly contaminated with residual magic.
Nothing appears to happen.
The rat misses you.
Casting: Summon Small Mammal (safe; 2% risk of failure)
Confirm with . or Enter, or press ? or * to list all spells.
The rat misses you.
Casting: Summon Small Mammal (safe; 2% risk of failure)
Confirm with . or Enter, or press ? or * to list all spells.
The rat bites you.
Your rat bites the rat.
The rat attacks as it pursues you! The rat barely misses you.
The rat misses you.
Your rat closely misses the rat.
The rat bites you but does no damage.
Your rat barely misses the rat.
Your magical contamination has completely faded away.
The rat barely misses you.
Your rat closely misses the rat.
You swap places.
The rat barely misses your quokka.
Your quokka closely misses the rat.
Your rat bites the rat.
The rat dies!
You have reached level 2!
As you open the door, it creaks loudly!
There is an open door here.
Your quokka disappears in a puff of smoke!
There is a staircase leading out of the dungeon here.
You can't go down here!
Alright, then stay!
You have escaped!

......#....#..#####.#
###(###.##.#..# #.#
#.# #.####..# #.# #.#
#.......#####.# #.#
###...........# #.#
#.##.###'#..# #.#
#.##.###.##.# #.#
#r##.#P~r♣#.# #.#
#.##.#P~@.'.# #.#
#.##.#P~.♣###
..##.###.# ...##.#
#+# ....##.# #....#
.....# #......
#......


You could see a friendly rat (summoned).

Vanquished Creatures
  A rat (D:1)
1 creature vanquished.

Vanquished Creatures (collateral kills)
  A ball python (D:1)
  A bat (D:1)
  A hobgoblin (D:1)
  A goblin (D:1)
  2 rats (D:1)
6 creatures vanquished.

Grand Total: 7 creatures vanquished

Notes
Turn   | Place    | Note
-------+----------+-------------------------------------------
     0 | D:1      | ChadusMaximus the Barachi Summoner began the quest for the
                  | Orb.
     0 | D:1      | Reached XP level 1. HP: 13/13 MP: 3/3
   282 | D:1      | Reached XP level 2. HP: 19/19 MP: 0/5
   295 | D:$      | Got out of the dungeon alive.

Illustrated notes

Levels and vault maps discovered:
D:1:      tarquinn_simple_flora_water_e, layout_basic, grunt_decor_junction

Skill      XL: |  1 |
---------------+----+-----
Stealth        | 2 |  2.0
Dodging        | |  2.3
Spellcasting   | |  2.3
Summonings     | |  4.9

Action                     || total
---------------------------++-------
  Melee: Unarmed           ||    17
   Cast: Summon Small Mamm ||     8
   Stab: Sleeping          ||     2
 Armour: Robe              ||    16
  Dodge: Dodged            ||    22
